[ AOE2 MATCH · #458955571 ]
Team RMBohemians vs Hindustanis
[ REPLAY ANALYSIS · EXTRACTED FROM THE RECORDED GAME ]
Feudal
11:02
Castle
14:34
Imperial
30:36
| APM avg | 38.2 |
| APM peak | 74 |
| eAPM avg | 20.8 |
| Villagers / military | 137 / 110 |
Focus
⚔️ 31.9% · 🌾 68.1%
Hussite Wagon ×88 · Bombard Cannon ×20 · Petard ×2
Feudal
10:59
Castle
15:19
Imperial
29:31
| APM avg | 26.7 |
| APM peak | 86 |
| eAPM avg | 17.7 |
| Villagers / military | 135 / 227 |
Focus
⚔️ 42.0% · 🌾 58.0%
Camel Scout ×134 · Scout Cavalry ×63 · Hand Cannoneer ×26 · Monk ×3 · Cavalry Archer ×1
Feudal
10:49
Castle
14:41
Imperial
31:55
| APM avg | 19.4 |
| APM peak | 61 |
| eAPM avg | 11.9 |
| Villagers / military | 74 / 16 |
Focus
⚔️ 16.4% · 🌾 83.6%
Armored Elephant ×4 · Mangonel ×3 · Camel Scout ×3 · Scorpion ×2 · Monk ×1 · Spearman ×1
Feudal
10:31
Castle
14:02
Imperial
28:29
| APM avg | 46.7 |
| APM peak | 70 |
| eAPM avg | 32.0 |
| Villagers / military | 205 / 340 |
Focus
⚔️ 29.1% · 🌾 70.9%
Militia ×323 · Warrior Priest ×6 · Trebuchet (Packed) ×6 · Composite Bowman ×3 · Monk ×2
Feudal
10:48
Castle
14:32
Imperial
29:33
| APM avg | 32.4 |
| APM peak | 75 |
| eAPM avg | 19.8 |
| Villagers / military | 220 / 173 |
Focus
⚔️ 26.1% · 🌾 73.9%
Genoese Crossbowman ×165 · Trade Cart ×7 · Trebuchet (Packed) ×5 · Bombard Cannon ×3
Feudal
10:26
Castle
14:01
Imperial
28:05
| APM avg | 34.7 |
| APM peak | 69 |
| eAPM avg | 23.9 |
| Villagers / military | 182 / 191 |
Focus
⚔️ 30.0% · 🌾 70.0%
War Elephant ×110 · Spearman ×71 · Militia ×7 · Trebuchet (Packed) ×3
Feudal
13:01
Castle
16:45
Imperial
23:05
| APM avg | 38.3 |
| APM peak | 126 |
| eAPM avg | 13.8 |
| Villagers / military | 77 / 58 |
Focus
⚔️ 32.0% · 🌾 68.0%
Janissary ×40 · Monk ×12 · Bombard Cannon ×4 · Trebuchet (Packed) ×2
Feudal
10:39
Castle
14:09
Imperial
29:03
| APM avg | 44.0 |
| APM peak | 89 |
| eAPM avg | 25.8 |
| Villagers / military | 117 / 51 |
Focus
⚔️ 31.3% · 🌾 68.7%
Archer ×51
Match map
Initial resources + every placement click. Lines = walls · curves = elevation contours. ◆ gold · ⬟ stone · ● berries · ✦ relic · ◌ wall gap
Inputs per minute
— 闲人肥羊 - - Perlas Negras con REDBULL
Build order — 闲人肥羊
First 150 of 369 actions detected
| 0:06 | Create | Villager (Male) |
| 0:06 | Create | Villager (Male) |
| 0:06 | Create | Villager (Male) |
| 0:06 | Create | Villager (Male) |
| 0:07 | Build | House |
| 0:08 | Build | House |
| 1:46 | Create | Villager (Male) |
| 1:46 | Create | Villager (Male) |
| 2:13 | Build | Lumber Camp |
| 2:26 | Create | Villager (Male) |
| 2:27 | Create | Villager (Male) |
| 2:50 | Build | House |
| 2:57 | Create | Villager (Male) |
| 2:57 | Create | Villager (Male) |
| 3:14 | Create | Villager (Male) |
| 3:14 | Create | Villager (Male) |
| 3:23 | Build | Palisade Wall |
| 3:28 | Build | Palisade Wall |
| 3:39 | Build | Building 796 |
| 3:43 | Build | Palisade Wall |
| 3:45 | Build | Palisade Wall |
| 3:45 | Create | Villager (Male) |
| 3:46 | Create | Villager (Male) |
| 3:56 | Build | Palisade Wall |
| 3:58 | Build | Palisade Wall |
| 4:00 | Build | Palisade Wall |
| 4:03 | Build | Palisade Wall |
| 4:06 | Build | Palisade Wall |
| 4:09 | Build | Palisade Wall |
| 4:14 | Create | Villager (Male) |
| 4:15 | Create | Villager (Male) |
| 4:27 | Create | Villager (Male) |
| 4:27 | Create | Villager (Male) |
| 4:51 | Build | Mill |
| 5:07 | Create | Villager (Male) |
| 5:07 | Create | Villager (Male) |
| 5:24 | Create | Villager (Male) |
| 5:24 | Create | Villager (Male) |
| 5:47 | Build | House |
| 5:55 | Create | Villager (Male) |
| 5:55 | Create | Villager (Male) |
| 6:04 | Create | Villager (Male) |
| 6:04 | Create | Villager (Male) |
| 6:29 | Create | Villager (Male) |
| 6:43 | Create | Villager (Male) |
| 7:12 | Create | Villager (Male) |
| 7:25 | Build | Mining Camp |
| 7:38 | Create | Villager (Male) |
| 8:44 | Research | Feudal Age |
| 8:44 | Research | Feudal Age |
| 9:58 | Build | House |
| 10:40 | Create | Villager (Male) |
| 10:40 | Create | Villager (Male) |
| 11:02 | Age | Feudal Age |
| 11:05 | Build | Market |
| 11:07 | Build | Blacksmith |
| 11:54 | Research | Castle Age |
| 11:55 | Research | Castle Age |
| 11:56 | Research | Double-Bit Axe |
| 12:39 | Research | Horse Collar |
| 12:44 | Build | Farm |
| 12:49 | Build | Farm |
| 12:54 | Build | Farm |
| 12:58 | Build | Farm |
| 13:09 | Build | Farm |
| 13:11 | Build | Farm |
| 14:34 | Age | Castle Age |
| 14:35 | Create | Villager (Male) |
| 14:40 | Build | Castle |
| 14:46 | Research | Bow Saw |
| 14:54 | Build | Mining Camp |
| 15:03 | Create | Villager (Male) |
| 15:14 | Create | Villager (Male) |
| 15:25 | Create | Villager (Male) |
| 15:42 | Build | House |
| 15:54 | Create | Hussite Wagon |
| 15:55 | Create | Hussite Wagon |
| 15:55 | Create | Villager (Male) |
| 15:56 | Create | Villager (Male) |
| 16:11 | Create | Villager (Male) |
| 16:25 | Build | Town Center |
| 16:45 | Create | Villager (Male) |
| 17:05 | Create | Hussite Wagon |
| 17:05 | Create | Hussite Wagon |
| 17:16 | Build | Stone Wall |
| 17:21 | Build | Stone Wall |
| 17:24 | Create | Villager (Male) |
| 17:44 | Create | Hussite Wagon |
| 17:48 | Create | Villager (Male) |
| 17:50 | Build | Palisade Wall |
| 17:58 | Create | Petard |
| 17:58 | Create | Petard |
| 18:23 | Create | Hussite Wagon |
| 18:23 | Create | Hussite Wagon |
| 18:27 | Create | Villager (Male) |
| 18:27 | Create | Villager (Male) |
| 18:52 | Create | Hussite Wagon |
| 19:13 | Create | Villager (Male) |
| 19:15 | Create | Villager (Male) |
| 19:19 | Build | Farm |
| 19:19 | Build | Farm |
| 19:20 | Build | Farm |
| 19:26 | Create | Villager (Male) |
| 19:29 | Create | Villager (Male) |
| 19:42 | Create | Villager (Male) |
| 19:44 | Build | Farm |
| 19:44 | Build | Farm |
| 19:44 | Build | Farm |
| 19:45 | Build | Farm |
| 19:57 | Build | Lumber Camp |
| 20:15 | Build | Farm |
| 20:19 | Create | Villager (Male) |
| 20:20 | Create | Villager (Male) |
| 20:29 | Build | Farm |
| 20:32 | Build | Farm |
| 20:38 | Create | Villager (Male) |
| 20:56 | Create | Villager (Male) |
| 20:58 | Create | Villager (Male) |
| 21:15 | Build | Town Center |
| 21:26 | Create | Villager (Male) |
| 21:37 | Create | Villager (Male) |
| 21:37 | Create | Villager (Male) |
| 21:39 | Build | Farm |
| 21:39 | Build | Farm |
| 21:48 | Build | Stone Wall |
| 21:57 | Create | Villager (Male) |
| 22:01 | Build | Farm |
| 22:05 | Build | Farm |
| 22:14 | Create | Villager (Male) |
| 22:14 | Create | Villager (Male) |
| 22:37 | Create | Villager (Male) |
| 22:37 | Create | Villager (Male) |
| 22:40 | Build | Town Center |
| 22:41 | Create | Villager (Male) |
| 22:43 | Build | Farm |
| 22:46 | Build | Farm |
| 22:46 | Build | Farm |
| 22:46 | Build | Farm |
| 22:51 | Create | Villager (Male) |
| 22:51 | Create | Villager (Male) |
| 22:56 | Build | House |
| 23:02 | Create | Villager (Male) |
| 23:03 | Create | Villager (Male) |
| 23:07 | Build | House |
| 23:12 | Create | Villager (Male) |
| 23:12 | Create | Villager (Male) |
| 23:15 | Build | House |
| 23:17 | Build | Farm |
| 23:24 | Build | Farm |
| 23:24 | Build | Farm |
Build order — Perlas Negras con REDBULL
First 150 of 563 actions detected
| 0:04 | Build | House |
| 0:04 | Create | Villager (Male) |
| 0:04 | Create | Villager (Male) |
| 0:05 | Create | Villager (Male) |
| 0:05 | Create | Villager (Male) |
| 0:05 | Create | Villager (Male) |
| 0:05 | Create | Villager (Male) |
| 0:05 | Create | Villager (Male) |
| 0:07 | Build | House |
| 1:10 | Create | Villager (Male) |
| 1:10 | Create | Villager (Male) |
| 1:10 | Create | Villager (Male) |
| 1:47 | Create | Villager (Male) |
| 1:48 | Create | Villager (Male) |
| 2:02 | Create | Villager (Male) |
| 2:03 | Create | Villager (Male) |
| 2:03 | Create | Villager (Male) |
| 2:03 | Create | Villager (Male) |
| 2:18 | Build | Mill |
| 2:53 | Create | Villager (Male) |
| 2:53 | Create | Villager (Male) |
| 2:53 | Create | Villager (Male) |
| 3:09 | Build | House |
| 3:17 | Create | Villager (Male) |
| 3:17 | Create | Villager (Male) |
| 3:17 | Create | Villager (Male) |
| 3:54 | Create | Villager (Male) |
| 3:54 | Create | Villager (Male) |
| 3:55 | Create | Villager (Male) |
| 3:55 | Create | Villager (Male) |
| 4:20 | Create | Villager (Male) |
| 4:20 | Create | Villager (Male) |
| 4:21 | Create | Villager (Male) |
| 4:21 | Create | Villager (Male) |
| 5:11 | Build | Lumber Camp |
| 5:28 | Create | Villager (Male) |
| 5:28 | Create | Villager (Male) |
| 5:46 | Build | Farm |
| 5:51 | Create | Villager (Male) |
| 6:20 | Build | Farm |
| 6:35 | Build | House |
| 7:00 | Create | Villager (Male) |
| 7:00 | Create | Villager (Male) |
| 7:13 | Build | Farm |
| 7:37 | Create | Villager (Male) |
| 7:38 | Create | Villager (Male) |
| 7:42 | Build | Farm |
| 8:14 | Build | Mining Camp |
| 8:33 | Research | Feudal Age |
| 9:07 | Build | House |
| 9:13 | Create | Villager (Male) |
| 9:14 | Create | Villager (Male) |
| 9:14 | Create | Villager (Male) |
| 10:59 | Age | Feudal Age |
| 11:05 | Build | Market |
| 11:15 | Build | Blacksmith |
| 12:12 | Research | Loom |
| 12:34 | Research | Castle Age |
| 13:06 | Build | House |
| 13:08 | Build | House |
| 13:10 | Build | House |
| 13:14 | Research | Double-Bit Axe |
| 13:37 | Research | Horse Collar |
| 15:19 | Age | Castle Age |
| 15:23 | Build | Town Center |
| 15:31 | Build | Town Center |
| 15:37 | Build | Monastery |
| 15:40 | Create | Villager (Male) |
| 15:41 | Create | Villager (Male) |
| 15:45 | Research | Bow Saw |
| 16:12 | Create | Villager (Male) |
| 16:12 | Create | Monk |
| 16:13 | Create | Monk |
| 16:14 | Create | Monk |
| 16:34 | Create | Villager (Male) |
| 16:34 | Create | Villager (Male) |
| 16:40 | Build | Farm |
| 16:47 | Build | Farm |
| 16:51 | Create | Villager (Male) |
| 17:23 | Create | Villager (Male) |
| 17:23 | Create | Villager (Male) |
| 17:24 | Create | Villager (Male) |
| 17:24 | Create | Villager (Male) |
| 17:29 | Build | Farm |
| 17:34 | Build | Farm |
| 17:41 | Build | Farm |
| 17:46 | Create | Villager (Male) |
| 18:15 | Create | Villager (Male) |
| 18:15 | Create | Villager (Male) |
| 18:16 | Create | Villager (Male) |
| 18:19 | Build | Farm |
| 18:26 | Build | Farm |
| 18:27 | Build | Farm |
| 18:30 | Create | Villager (Male) |
| 18:30 | Create | Villager (Male) |
| 18:34 | Create | Villager (Male) |
| 18:42 | Create | Villager (Male) |
| 18:45 | Build | Farm |
| 18:57 | Build | House |
| 18:58 | Build | House |
| 19:00 | Build | House |
| 19:02 | Create | Villager (Male) |
| 19:04 | Create | Villager (Male) |
| 19:10 | Create | Villager (Male) |
| 19:25 | Build | Farm |
| 19:30 | Build | Lumber Camp |
| 19:33 | Create | Villager (Male) |
| 19:34 | Create | Villager (Male) |
| 19:41 | Build | Farm |
| 19:42 | Build | Farm |
| 19:46 | Create | Villager (Male) |
| 20:01 | Create | Villager (Male) |
| 20:02 | Create | Villager (Male) |
| 20:02 | Create | Villager (Male) |
| 20:16 | Build | Farm |
| 20:17 | Build | Farm |
| 20:30 | Create | Villager (Male) |
| 20:31 | Create | Villager (Male) |
| 20:31 | Create | Villager (Male) |
| 20:35 | Build | House |
| 20:46 | Build | Mining Camp |
| 20:49 | Create | Villager (Male) |
| 20:49 | Create | Villager (Male) |
| 20:55 | Build | Farm |
| 21:09 | Create | Villager (Male) |
| 21:10 | Create | Villager (Male) |
| 21:10 | Create | Villager (Male) |
| 21:15 | Build | House |
| 21:17 | Build | House |
| 21:33 | Create | Villager (Male) |
| 21:33 | Create | Villager (Male) |
| 21:33 | Create | Villager (Male) |
| 21:34 | Create | Villager (Male) |
| 21:42 | Build | Mill |
| 21:47 | Build | Farm |
| 21:48 | Build | Farm |
| 21:48 | Build | Farm |
| 21:49 | Build | Farm |
| 21:50 | Build | Farm |
| 21:53 | Research | Heavy Plow |
| 21:54 | Create | Villager (Male) |
| 21:55 | Create | Villager (Male) |
| 22:00 | Build | Farm |
| 22:05 | Build | Farm |
| 22:06 | Build | Farm |
| 22:09 | Create | Villager (Male) |
| 22:15 | Create | Villager (Male) |
| 22:16 | Create | Villager (Male) |
| 22:22 | Build | House |
| 22:45 | Create | Villager (Male) |
Build order — y3imy3
First 150 of 183 actions detected
| 0:01 | Create | Villager (Male) |
| 0:02 | Build | House |
| 0:04 | Build | House |
| 0:30 | Create | Villager (Male) |
| 0:30 | Create | Villager (Male) |
| 0:31 | Create | Villager (Male) |
| 0:31 | Create | Villager (Male) |
| 0:55 | Build | Mill |
| 1:37 | Create | Villager (Male) |
| 2:05 | Create | Villager (Male) |
| 2:05 | Create | Villager (Male) |
| 2:33 | Create | Villager (Male) |
| 3:03 | Create | Villager (Male) |
| 3:03 | Create | Villager (Male) |
| 3:39 | Build | House |
| 3:59 | Create | Villager (Male) |
| 3:59 | Create | Villager (Male) |
| 3:59 | Create | Villager (Male) |
| 4:11 | Build | Lumber Camp |
| 4:16 | Build | House |
| 4:49 | Create | Villager (Male) |
| 5:12 | Build | Mill |
| 5:19 | Create | Villager (Male) |
| 5:22 | Create | Villager (Male) |
| 5:22 | Create | Villager (Male) |
| 5:22 | Create | Villager (Male) |
| 5:48 | Create | Villager (Male) |
| 6:13 | Create | Villager (Male) |
| 6:14 | Build | Mining Camp |
| 7:12 | Create | Villager (Male) |
| 7:43 | Create | Villager (Male) |
| 7:53 | Build | Farm |
| 8:00 | Create | Villager (Male) |
| 8:26 | Research | Feudal Age |
| 8:51 | Build | Farm |
| 9:19 | Build | Barracks |
| 9:44 | Build | Farm |
| 10:07 | Create | Villager (Male) |
| 10:07 | Research | Loom |
| 10:49 | Age | Feudal Age |
| 10:54 | Create | Villager (Male) |
| 11:04 | Build | Stable |
| 11:12 | Build | Stable |
| 11:26 | Build | Blacksmith |
| 12:01 | Research | Castle Age |
| 12:48 | Build | House |
| 12:51 | Create | Camel Scout |
| 13:00 | Build | House |
| 13:11 | Research | Double-Bit Axe |
| 13:19 | Create | Camel Scout |
| 13:26 | Create | Scout Cavalry |
| 13:29 | Build | House |
| 14:02 | Create | Spearman |
| 14:16 | Create | Villager (Male) |
| 14:19 | Research | Horse Collar |
| 14:41 | Age | Castle Age |
| 14:56 | Build | Siege Workshop |
| 14:57 | Create | Villager (Male) |
| 15:00 | Build | Farm |
| 15:01 | Build | Farm |
| 15:26 | Create | Villager (Male) |
| 15:36 | Build | Farm |
| 15:38 | Build | Farm |
| 15:47 | Create | Armored Elephant |
| 15:47 | Create | Scorpion |
| 15:52 | Build | Monastery |
| 16:01 | Build | Monastery |
| 16:29 | Create | Armored Elephant |
| 16:34 | Create | Armored Elephant |
| 16:50 | Build | Farm |
| 16:53 | Build | Farm |
| 16:56 | Create | Camel Scout |
| 17:05 | Build | House |
| 17:29 | Create | Scorpion |
| 17:33 | Create | Monk |
| 17:35 | Create | Villager (Male) |
| 18:05 | Create | Armored Elephant |
| 18:34 | Create | Villager (Male) |
| 18:34 | Create | Villager (Male) |
| 18:36 | Build | Farm |
| 18:38 | Build | Farm |
| 18:47 | Build | Siege Workshop |
| 19:07 | Create | Mangonel |
| 19:19 | Build | House |
| 19:27 | Build | Building 490 |
| 19:34 | Build | Farm |
| 19:36 | Build | Farm |
| 19:38 | Create | Villager (Male) |
| 19:59 | Create | Villager (Male) |
| 20:08 | Build | Town Center |
| 20:29 | Build | House |
| 20:32 | Build | House |
| 20:33 | Build | House |
| 20:48 | Build | Palisade Wall |
| 20:50 | Create | Villager (Male) |
| 20:53 | Build | Farm |
| 20:55 | Build | Farm |
| 21:06 | Build | Mining Camp |
| 21:23 | Create | Villager (Male) |
| 21:27 | Build | House |
| 21:28 | Build | House |
| 21:43 | Build | House |
| 21:51 | Create | Villager (Male) |
| 21:56 | Create | Villager (Male) |
| 22:11 | Build | Building 487 |
| 22:17 | Create | Mangonel |
| 22:21 | Create | Villager (Male) |
| 22:21 | Create | Villager (Male) |
| 22:25 | Create | Villager (Male) |
| 22:26 | Create | Villager (Male) |
| 22:26 | Create | Villager (Male) |
| 22:35 | Research | Bow Saw |
| 22:48 | Research | Stone Mining |
| 23:04 | Create | Villager (Male) |
| 23:08 | Create | Villager (Male) |
| 23:33 | Build | Palisade Wall |
| 23:39 | Create | Villager (Male) |
| 23:46 | Create | Villager (Male) |
| 23:48 | Create | Villager (Male) |
| 23:56 | Build | Farm |
| 23:58 | Build | Farm |
| 23:59 | Build | Farm |
| 24:01 | Build | Farm |
| 24:02 | Build | Farm |
| 24:03 | Build | Farm |
| 24:10 | Create | Villager (Male) |
| 24:10 | Create | Villager (Male) |
| 24:18 | Research | Gold Mining |
| 24:39 | Build | House |
| 24:54 | Build | Farm |
| 24:57 | Build | Farm |
| 24:57 | Build | Farm |
| 25:00 | Create | Villager (Male) |
| 25:08 | Build | Farm |
| 25:10 | Build | Farm |
| 25:14 | Build | House |
| 25:15 | Build | House |
| 25:19 | Create | Villager (Male) |
| 25:21 | Create | Villager (Male) |
| 25:22 | Create | Villager (Male) |
| 25:28 | Build | Farm |
| 25:29 | Build | Farm |
| 25:35 | Create | Villager (Male) |
| 25:55 | Create | Villager (Male) |
| 26:13 | Build | Farm |
| 26:15 | Create | Villager (Male) |
| 26:16 | Create | Villager (Male) |
| 26:20 | Build | Farm |
| 26:29 | Build | Monastery |
| 26:31 | Build | Farm |
Build order — 我大哥B站帝国时代2风悠
First 150 of 594 actions detected
| 0:01 | Create | Villager (Male) |
| 0:01 | Create | Villager (Male) |
| 0:02 | Create | Villager (Male) |
| 0:02 | Create | Villager (Male) |
| 0:03 | Build | House |
| 0:04 | Build | House |
| 1:24 | Create | Villager (Male) |
| 1:24 | Create | Villager (Male) |
| 1:46 | Build | Mule Cart |
| 1:54 | Create | Villager (Male) |
| 1:54 | Create | Villager (Male) |
| 2:25 | Create | Villager (Male) |
| 2:25 | Create | Villager (Male) |
| 2:53 | Create | Villager (Male) |
| 2:53 | Create | Villager (Male) |
| 3:19 | Create | Villager (Male) |
| 3:20 | Create | Villager (Male) |
| 3:45 | Create | Villager (Male) |
| 3:46 | Create | Villager (Male) |
| 3:49 | Build | House |
| 3:51 | Create | Villager (Male) |
| 4:14 | Build | Mill |
| 4:32 | Create | Villager (Male) |
| 4:33 | Create | Villager (Male) |
| 4:33 | Create | Villager (Male) |
| 4:58 | Create | Villager (Male) |
| 4:58 | Create | Villager (Male) |
| 5:04 | Build | Mule Cart |
| 5:35 | Create | Villager (Male) |
| 5:35 | Create | Villager (Male) |
| 5:35 | Create | Villager (Male) |
| 5:54 | Create | Villager (Male) |
| 5:55 | Create | Villager (Male) |
| 5:59 | Build | House |
| 6:08 | Create | Villager (Male) |
| 6:17 | Create | Villager (Male) |
| 6:17 | Create | Villager (Male) |
| 6:26 | Create | Villager (Male) |
| 6:27 | Create | Villager (Male) |
| 6:39 | Create | Villager (Male) |
| 6:39 | Create | Villager (Male) |
| 7:03 | Create | Villager (Male) |
| 7:07 | Create | Villager (Male) |
| 7:31 | Create | Villager (Male) |
| 7:40 | Build | Mule Cart |
| 7:54 | Create | Villager (Male) |
| 7:57 | Create | Villager (Male) |
| 8:20 | Research | Feudal Age |
| 8:20 | Research | Feudal Age |
| 8:21 | Research | Feudal Age |
| 8:39 | Build | House |
| 8:45 | Create | Villager (Male) |
| 9:26 | Create | Villager (Male) |
| 9:46 | Create | Villager (Male) |
| 9:52 | Create | Villager (Male) |
| 10:31 | Age | Feudal Age |
| 10:33 | Build | Market |
| 10:35 | Build | Blacksmith |
| 11:22 | Research | Castle Age |
| 11:22 | Research | Castle Age |
| 11:23 | Research | Castle Age |
| 11:53 | Research | Double-Bit Axe |
| 11:53 | Research | Double-Bit Axe |
| 11:55 | Build | Farm |
| 11:56 | Build | Farm |
| 12:07 | Research | Horse Collar |
| 12:12 | Create | Villager (Male) |
| 14:02 | Age | Castle Age |
| 14:03 | Create | Villager (Male) |
| 14:04 | Create | Villager (Male) |
| 14:07 | Build | Town Center |
| 14:10 | Create | Villager (Male) |
| 14:13 | Build | Monastery |
| 14:15 | Create | Villager (Male) |
| 14:36 | Build | Town Center |
| 14:41 | Build | Farm |
| 14:44 | Build | Farm |
| 14:45 | Build | Farm |
| 14:47 | Create | Monk |
| 14:50 | Create | Warrior Priest |
| 14:50 | Create | Warrior Priest |
| 15:05 | Build | House |
| 15:08 | Research | Wheelbarrow |
| 15:17 | Create | Villager (Male) |
| 15:30 | Create | Villager (Male) |
| 15:33 | Build | House |
| 15:34 | Build | House |
| 15:45 | Create | Villager (Male) |
| 15:46 | Create | Villager (Male) |
| 15:49 | Build | Farm |
| 15:49 | Build | Farm |
| 15:49 | Build | Farm |
| 15:50 | Build | Farm |
| 15:58 | Build | Farm |
| 15:59 | Build | Farm |
| 16:00 | Build | Farm |
| 16:03 | Build | Farm |
| 16:03 | Build | Farm |
| 16:05 | Create | Villager (Male) |
| 16:05 | Create | Villager (Male) |
| 16:25 | Build | Farm |
| 16:30 | Create | Villager (Male) |
| 16:31 | Create | Villager (Male) |
| 16:34 | Build | House |
| 16:34 | Build | House |
| 16:40 | Build | Farm |
| 16:57 | Create | Villager (Male) |
| 16:57 | Create | Villager (Male) |
| 16:57 | Create | Villager (Male) |
| 16:57 | Create | Villager (Male) |
| 16:57 | Create | Villager (Male) |
| 17:03 | Create | Villager (Male) |
| 17:03 | Create | Villager (Male) |
| 17:07 | Create | Villager (Male) |
| 17:07 | Create | Villager (Male) |
| 17:07 | Create | Villager (Male) |
| 17:17 | Create | Warrior Priest |
| 17:17 | Create | Warrior Priest |
| 17:30 | Create | Villager (Male) |
| 17:31 | Create | Villager (Male) |
| 17:46 | Create | Villager (Male) |
| 17:46 | Create | Villager (Male) |
| 17:46 | Create | Villager (Male) |
| 17:47 | Build | Farm |
| 17:49 | Build | Farm |
| 17:58 | Create | Monk |
| 17:58 | Create | Warrior Priest |
| 18:16 | Create | Villager (Male) |
| 18:16 | Create | Villager (Male) |
| 18:16 | Create | Villager (Male) |
| 18:16 | Create | Villager (Male) |
| 18:16 | Create | Villager (Male) |
| 18:18 | Build | Farm |
| 18:30 | Create | Villager (Male) |
| 18:30 | Create | Villager (Male) |
| 18:30 | Create | Villager (Male) |
| 18:30 | Create | Villager (Male) |
| 18:35 | Build | Mill |
| 18:35 | Build | Farm |
| 18:35 | Build | Farm |
| 18:35 | Build | Farm |
| 18:36 | Build | Farm |
| 18:36 | Build | Farm |
| 18:36 | Build | Farm |
| 18:36 | Build | Farm |
| 18:37 | Build | Farm |
| 18:39 | Create | Villager (Male) |
| 18:39 | Create | Villager (Male) |
| 18:39 | Create | Villager (Male) |
| 18:42 | Build | House |
Build order — Lucky
First 150 of 536 actions detected
| 0:01 | Create | Villager (Male) |
| 0:01 | Create | Villager (Male) |
| 0:02 | Create | Villager (Male) |
| 0:02 | Create | Villager (Male) |
| 0:04 | Build | House |
| 0:06 | Build | House |
| 1:30 | Create | Villager (Male) |
| 1:30 | Create | Villager (Male) |
| 1:48 | Build | Lumber Camp |
| 1:49 | Create | Villager (Male) |
| 1:49 | Create | Villager (Male) |
| 2:10 | Build | House |
| 2:33 | Create | Villager (Male) |
| 2:33 | Create | Villager (Male) |
| 2:53 | Create | Villager (Male) |
| 2:54 | Create | Villager (Male) |
| 3:03 | Create | Villager (Male) |
| 3:04 | Create | Villager (Male) |
| 3:27 | Build | House |
| 3:46 | Create | Villager (Male) |
| 3:47 | Create | Villager (Male) |
| 4:28 | Create | Villager (Male) |
| 4:28 | Create | Villager (Male) |
| 4:37 | Build | Mill |
| 4:59 | Create | Villager (Male) |
| 4:59 | Create | Villager (Male) |
| 5:00 | Create | Villager (Male) |
| 5:31 | Create | Villager (Male) |
| 5:32 | Create | Villager (Male) |
| 6:07 | Create | Villager (Male) |
| 6:07 | Create | Villager (Male) |
| 6:13 | Create | Villager (Male) |
| 6:13 | Create | Villager (Male) |
| 6:33 | Create | Villager (Male) |
| 6:35 | Create | Villager (Male) |
| 6:35 | Create | Villager (Male) |
| 6:36 | Create | Villager (Male) |
| 6:48 | Create | Villager (Male) |
| 6:48 | Create | Villager (Male) |
| 7:28 | Create | Villager (Male) |
| 7:28 | Create | Villager (Male) |
| 7:29 | Create | Villager (Male) |
| 7:53 | Build | Farm |
| 7:58 | Build | Farm |
| 8:33 | Research | Feudal Age |
| 8:33 | Research | Feudal Age |
| 8:59 | Build | House |
| 9:08 | Build | Farm |
| 9:10 | Build | Farm |
| 9:27 | Build | Mining Camp |
| 10:10 | Create | Villager (Male) |
| 10:10 | Create | Villager (Male) |
| 10:48 | Age | Feudal Age |
| 10:53 | Build | Market |
| 11:00 | Build | Blacksmith |
| 11:52 | Research | Castle Age |
| 11:52 | Research | Castle Age |
| 12:14 | Research | Double-Bit Axe |
| 12:14 | Research | Double-Bit Axe |
| 12:16 | Research | Horse Collar |
| 12:17 | Research | Horse Collar |
| 14:08 | Research | Wheelbarrow |
| 14:08 | Research | Wheelbarrow |
| 14:32 | Age | Castle Age |
| 14:36 | Build | Town Center |
| 14:52 | Build | Town Center |
| 14:58 | Research | Bow Saw |
| 14:58 | Research | Bow Saw |
| 15:25 | Build | House |
| 15:26 | Build | House |
| 15:30 | Create | Villager (Male) |
| 15:45 | Create | Villager (Male) |
| 15:53 | Research | Heavy Plow |
| 15:53 | Research | Heavy Plow |
| 16:02 | Create | Villager (Male) |
| 16:05 | Create | Villager (Male) |
| 16:09 | Create | Villager (Male) |
| 16:16 | Build | Farm |
| 16:22 | Build | Farm |
| 16:24 | Create | Villager (Male) |
| 16:26 | Create | Villager (Male) |
| 16:33 | Build | Farm |
| 16:39 | Create | Villager (Male) |
| 16:43 | Build | House |
| 16:46 | Build | Farm |
| 16:51 | Build | Farm |
| 16:53 | Create | Villager (Male) |
| 16:55 | Create | Villager (Male) |
| 17:00 | Build | Farm |
| 17:03 | Build | Farm |
| 17:11 | Create | Villager (Male) |
| 17:12 | Create | Villager (Male) |
| 17:15 | Build | Farm |
| 17:20 | Build | House |
| 17:25 | Create | Villager (Male) |
| 17:25 | Create | Villager (Male) |
| 17:31 | Build | Farm |
| 17:41 | Create | Villager (Male) |
| 17:41 | Create | Villager (Male) |
| 17:45 | Build | Farm |
| 17:49 | Build | Farm |
| 17:56 | Create | Villager (Male) |
| 18:05 | Create | Villager (Male) |
| 18:05 | Create | Villager (Male) |
| 18:08 | Create | Villager (Male) |
| 18:24 | Create | Villager (Male) |
| 18:26 | Create | Villager (Male) |
| 18:43 | Build | Mining Camp |
| 18:45 | Build | Farm |
| 18:47 | Build | Farm |
| 18:49 | Build | Farm |
| 18:51 | Create | Villager (Male) |
| 18:52 | Create | Villager (Male) |
| 18:52 | Create | Villager (Male) |
| 18:58 | Build | Farm |
| 19:01 | Build | Farm |
| 19:03 | Build | Farm |
| 19:05 | Create | Villager (Male) |
| 19:10 | Build | Farm |
| 19:13 | Build | Farm |
| 19:17 | Create | Villager (Male) |
| 19:19 | Create | Villager (Male) |
| 19:22 | Create | Villager (Male) |
| 19:23 | Create | Villager (Male) |
| 19:24 | Build | Farm |
| 19:33 | Build | Farm |
| 19:36 | Build | Farm |
| 19:38 | Create | Villager (Male) |
| 19:41 | Create | Villager (Male) |
| 19:46 | Build | Farm |
| 19:50 | Build | Farm |
| 19:52 | Create | Villager (Male) |
| 19:54 | Build | Farm |
| 19:58 | Create | Villager (Male) |
| 20:01 | Create | Villager (Male) |
| 20:10 | Build | House |
| 20:11 | Build | House |
| 20:11 | Build | House |
| 20:11 | Build | House |
| 20:12 | Build | House |
| 20:12 | Build | House |
| 20:18 | Create | Villager (Male) |
| 20:19 | Create | Villager (Male) |
| 20:20 | Create | Villager (Male) |
| 20:29 | Create | Villager (Male) |
| 20:34 | Create | Villager (Male) |
| 20:47 | Build | Farm |
| 20:50 | Build | Farm |
| 20:53 | Build | Farm |
| 20:55 | Build | Farm |
Build order — ZN
First 150 of 517 actions detected
| 0:01 | Create | Villager (Male) |
| 0:02 | Create | Villager (Male) |
| 0:03 | Build | House |
| 0:03 | Build | House |
| 0:46 | Create | Villager (Male) |
| 0:47 | Create | Villager (Male) |
| 0:47 | Create | Villager (Male) |
| 0:47 | Create | Villager (Male) |
| 1:18 | Create | Villager (Male) |
| 1:40 | Create | Villager (Male) |
| 1:41 | Create | Villager (Male) |
| 1:45 | Build | Palisade Wall |
| 2:05 | Build | Palisade Wall |
| 2:14 | Build | Lumber Camp |
| 2:18 | Build | Palisade Gate |
| 2:26 | Build | Palisade Wall |
| 2:30 | Build | Palisade Gate |
| 2:36 | Build | Palisade Wall |
| 2:43 | Build | Palisade Wall |
| 2:46 | Create | Villager (Male) |
| 2:46 | Create | Villager (Male) |
| 2:48 | Build | Palisade Wall |
| 2:54 | Build | Palisade Wall |
| 2:59 | Build | Palisade Wall |
| 3:01 | Build | Palisade Wall |
| 3:04 | Build | Palisade Wall |
| 3:12 | Create | Villager (Male) |
| 3:12 | Create | Villager (Male) |
| 3:15 | Create | Villager (Male) |
| 3:15 | Create | Villager (Male) |
| 3:54 | Build | House |
| 3:58 | Create | Villager (Male) |
| 3:58 | Create | Villager (Male) |
| 3:58 | Create | Villager (Male) |
| 4:15 | Create | Villager (Male) |
| 4:16 | Create | Villager (Male) |
| 4:25 | Build | House |
| 4:56 | Create | Villager (Male) |
| 4:56 | Create | Villager (Male) |
| 5:32 | Create | Villager (Male) |
| 5:32 | Create | Villager (Male) |
| 5:32 | Create | Villager (Male) |
| 5:32 | Create | Villager (Male) |
| 5:44 | Create | Villager (Male) |
| 5:44 | Create | Villager (Male) |
| 6:00 | Create | Villager (Male) |
| 6:21 | Build | Mill |
| 6:28 | Create | Villager (Male) |
| 7:19 | Build | Farm |
| 7:22 | Build | Farm |
| 7:24 | Build | Farm |
| 7:28 | Build | Farm |
| 7:56 | Create | Villager (Male) |
| 8:17 | Research | Feudal Age |
| 8:17 | Research | Feudal Age |
| 8:30 | Build | House |
| 10:00 | Create | Villager (Male) |
| 10:01 | Create | Villager (Male) |
| 10:26 | Age | Feudal Age |
| 10:41 | Build | Blacksmith |
| 10:42 | Build | Market |
| 10:47 | Build | House |
| 10:56 | Create | Villager (Male) |
| 11:36 | Research | Castle Age |
| 11:56 | Build | Lumber Camp |
| 12:22 | Create | Villager (Male) |
| 12:22 | Create | Villager (Male) |
| 12:26 | Build | House |
| 12:59 | Research | Double-Bit Axe |
| 13:01 | Research | Horse Collar |
| 14:01 | Age | Castle Age |
| 14:09 | Build | Town Center |
| 14:24 | Create | Villager (Male) |
| 14:43 | Create | Villager (Male) |
| 15:00 | Create | Villager (Male) |
| 15:11 | Build | Town Center |
| 15:15 | Create | Villager (Male) |
| 15:27 | Build | Farm |
| 15:29 | Build | Farm |
| 15:35 | Build | Farm |
| 15:39 | Build | Farm |
| 15:41 | Create | Villager (Male) |
| 15:44 | Create | Villager (Male) |
| 15:53 | Create | Villager (Male) |
| 15:54 | Research | Bow Saw |
| 16:02 | Create | Villager (Male) |
| 16:09 | Build | Farm |
| 16:17 | Create | Villager (Male) |
| 16:20 | Create | Villager (Male) |
| 16:24 | Build | Farm |
| 16:26 | Build | Farm |
| 16:31 | Create | Villager (Male) |
| 16:36 | Build | House |
| 16:46 | Create | Villager (Male) |
| 16:47 | Create | Villager (Male) |
| 16:59 | Create | Villager (Male) |
| 17:05 | Build | House |
| 17:07 | Create | Villager (Male) |
| 17:09 | Build | Farm |
| 17:10 | Create | Villager (Male) |
| 17:14 | Create | Villager (Male) |
| 17:19 | Build | Farm |
| 17:21 | Build | Farm |
| 17:27 | Build | Farm |
| 17:31 | Build | Farm |
| 17:31 | Create | Villager (Male) |
| 17:32 | Create | Villager (Male) |
| 17:53 | Create | Villager (Male) |
| 17:54 | Create | Villager (Male) |
| 18:02 | Create | Villager (Male) |
| 18:02 | Create | Villager (Male) |
| 18:05 | Build | Farm |
| 18:10 | Build | Town Center |
| 18:13 | Create | Villager (Male) |
| 18:14 | Create | Villager (Male) |
| 18:25 | Create | Villager (Male) |
| 18:25 | Create | Villager (Male) |
| 18:31 | Build | Farm |
| 18:33 | Build | Farm |
| 18:37 | Build | House |
| 18:38 | Build | House |
| 18:39 | Create | Villager (Male) |
| 18:39 | Create | Villager (Male) |
| 18:46 | Create | Villager (Male) |
| 18:46 | Create | Villager (Male) |
| 18:49 | Build | Farm |
| 19:04 | Build | Farm |
| 19:04 | Create | Villager (Male) |
| 19:04 | Create | Villager (Male) |
| 19:07 | Build | Farm |
| 19:09 | Build | Farm |
| 19:11 | Build | Farm |
| 19:13 | Create | Villager (Male) |
| 19:13 | Create | Villager (Male) |
| 19:16 | Build | Farm |
| 19:18 | Create | Villager (Male) |
| 19:19 | Create | Villager (Male) |
| 19:23 | Build | Farm |
| 19:26 | Build | Farm |
| 19:26 | Create | Villager (Male) |
| 19:26 | Create | Villager (Male) |
| 19:33 | Build | House |
| 19:40 | Create | Villager (Male) |
| 19:40 | Create | Villager (Male) |
| 19:52 | Build | Monastery |
| 19:53 | Create | Villager (Male) |
| 19:53 | Create | Villager (Male) |
| 19:53 | Create | Villager (Male) |
| 19:57 | Create | Villager (Male) |
| 20:01 | Build | Farm |
Build order — KhanShinnok
First 150 of 222 actions detected
| 0:01 | Create | Villager (Male) |
| 0:01 | Create | Villager (Male) |
| 0:02 | Create | Villager (Male) |
| 0:03 | Build | House |
| 0:04 | Build | House |
| 0:20 | Create | Villager (Male) |
| 0:20 | Create | Villager (Male) |
| 1:29 | Create | Villager (Male) |
| 1:29 | Create | Villager (Male) |
| 1:57 | Create | Villager (Male) |
| 1:57 | Create | Villager (Male) |
| 2:28 | Create | Villager (Male) |
| 2:28 | Create | Villager (Male) |
| 2:29 | Create | Villager (Male) |
| 2:43 | Build | Lumber Camp |
| 3:04 | Create | Villager (Male) |
| 3:29 | Create | Villager (Male) |
| 3:30 | Create | Villager (Male) |
| 3:34 | Build | House |
| 3:35 | Build | House |
| 3:55 | Create | Villager (Male) |
| 3:56 | Create | Villager (Male) |
| 4:04 | Build | House |
| 4:14 | Create | Villager (Male) |
| 4:14 | Create | Villager (Male) |
| 4:51 | Create | Villager (Male) |
| 4:51 | Create | Villager (Male) |
| 4:51 | Create | Villager (Male) |
| 5:33 | Create | Villager (Male) |
| 5:33 | Create | Villager (Male) |
| 5:33 | Create | Villager (Male) |
| 5:34 | Create | Villager (Male) |
| 6:55 | Create | Villager (Male) |
| 6:55 | Create | Villager (Male) |
| 6:56 | Create | Villager (Male) |
| 6:56 | Create | Villager (Male) |
| 6:56 | Create | Villager (Male) |
| 7:06 | Build | Mill |
| 8:13 | Build | Mining Camp |
| 8:45 | Create | Villager (Male) |
| 8:45 | Create | Villager (Male) |
| 9:22 | Build | Mill |
| 10:00 | Create | Villager (Male) |
| 10:00 | Create | Villager (Male) |
| 10:01 | Create | Villager (Male) |
| 10:43 | Research | Feudal Age |
| 10:45 | Research | Loom |
| 11:59 | Build | Farm |
| 12:00 | Build | Farm |
| 12:02 | Build | Farm |
| 12:18 | Build | House |
| 12:20 | Build | House |
| 12:21 | Build | House |
| 12:34 | Build | Farm |
| 12:40 | Build | Farm |
| 13:00 | Create | Villager (Male) |
| 13:01 | Age | Feudal Age |
| 13:04 | Build | Market |
| 13:13 | Build | Blacksmith |
| 13:46 | Build | Mining Camp |
| 13:51 | Create | Villager (Male) |
| 14:04 | Research | Castle Age |
| 14:11 | Build | Stone Wall |
| 14:13 | Build | Building 490 |
| 14:53 | Build | Farm |
| 14:54 | Build | Farm |
| 14:55 | Build | Farm |
| 14:57 | Build | Farm |
| 14:58 | Build | Farm |
| 14:59 | Build | Farm |
| 15:05 | Build | Farm |
| 16:45 | Age | Castle Age |
| 16:50 | Create | Villager (Male) |
| 16:50 | Create | Villager (Male) |
| 16:59 | Build | Castle |
| 17:04 | Build | Lumber Camp |
| 17:20 | Build | Farm |
| 17:23 | Build | Farm |
| 17:28 | Create | Villager (Male) |
| 17:38 | Create | Villager (Male) |
| 17:38 | Create | Villager (Male) |
| 17:38 | Create | Villager (Male) |
| 17:45 | Build | Palisade Wall |
| 17:47 | Build | Palisade Wall |
| 17:48 | Build | Palisade Wall |
| 17:50 | Build | Palisade Wall |
| 17:53 | Build | Palisade Wall |
| 17:54 | Build | Palisade Wall |
| 19:55 | Research | Imperial Age |
| 19:55 | Research | Imperial Age |
| 20:04 | Build | Siege Workshop |
| 20:16 | Research | Double-Bit Axe |
| 20:17 | Research | Double-Bit Axe |
| 20:17 | Research | Double-Bit Axe |
| 20:31 | Build | Lumber Camp |
| 20:43 | Create | Janissary |
| 20:43 | Create | Janissary |
| 21:00 | Research | Horse Collar |
| 22:05 | Research | Gold Mining |
| 22:08 | Create | Janissary |
| 22:08 | Create | Janissary |
| 22:08 | Create | Janissary |
| 22:59 | Build | Mining Camp |
| 23:04 | Create | Janissary |
| 23:05 | Age | Imperial Age |
| 23:11 | Create | Trebuchet (Packed) |
| 23:13 | Create | Bombard Cannon |
| 23:22 | Create | Villager (Male) |
| 23:22 | Create | Villager (Male) |
| 23:33 | Research | Bow Saw |
| 23:33 | Research | Bow Saw |
| 24:11 | Create | Janissary |
| 24:11 | Create | Janissary |
| 24:11 | Create | Janissary |
| 24:12 | Create | Janissary |
| 24:12 | Create | Janissary |
| 24:44 | Create | Trebuchet (Packed) |
| 24:50 | Create | Villager (Male) |
| 24:51 | Create | Villager (Male) |
| 24:52 | Create | Villager (Male) |
| 25:58 | Create | Janissary |
| 25:59 | Create | Janissary |
| 26:05 | Create | Bombard Cannon |
| 26:33 | Create | Villager (Male) |
| 26:34 | Create | Villager (Male) |
| 26:35 | Create | Janissary |
| 26:35 | Create | Janissary |
| 27:04 | Create | Janissary |
| 27:50 | Create | Villager (Male) |
| 27:51 | Create | Villager (Male) |
| 28:06 | Research | Padded Archer Armor |
| 28:06 | Research | Padded Archer Armor |
| 28:06 | Research | Padded Archer Armor |
| 28:12 | Build | Farm |
| 28:12 | Build | Farm |
| 28:13 | Build | Farm |
| 28:13 | Build | Farm |
| 28:13 | Build | Farm |
| 28:13 | Build | Farm |
| 28:13 | Build | Farm |
| 28:14 | Build | Farm |
| 28:14 | Build | Farm |
| 28:20 | Create | Bombard Cannon |
| 28:25 | Create | Janissary |
| 28:35 | Build | House |
| 28:35 | Build | House |
| 29:03 | Research | Leather Archer Armor |
| 29:09 | Create | Janissary |
| 29:44 | Create | Villager (Male) |
| 29:44 | Create | Villager (Male) |
Build order — 法克悠
First 150 of 325 actions detected
| 0:01 | Create | Villager (Male) |
| 0:01 | Create | Villager (Male) |
| 0:02 | Create | Villager (Male) |
| 0:02 | Create | Villager (Male) |
| 0:02 | Create | Villager (Male) |
| 0:04 | Build | House |
| 1:25 | Create | Villager (Male) |
| 1:25 | Create | Villager (Male) |
| 1:59 | Build | Settlement |
| 2:00 | Create | Villager (Male) |
| 2:00 | Create | Villager (Male) |
| 2:12 | Create | Villager (Male) |
| 2:52 | Create | Villager (Male) |
| 3:05 | Create | Villager (Male) |
| 3:34 | Create | Villager (Male) |
| 3:49 | Create | Villager (Male) |
| 3:50 | Create | Villager (Male) |
| 4:08 | Build | House |
| 4:16 | Create | Villager (Male) |
| 5:09 | Create | Villager (Male) |
| 5:11 | Create | Villager (Male) |
| 5:37 | Build | Settlement |
| 5:43 | Create | Villager (Male) |
| 5:45 | Create | Villager (Male) |
| 5:59 | Create | Villager (Male) |
| 6:04 | Create | Villager (Male) |
| 6:26 | Create | Villager (Male) |
| 6:44 | Create | Villager (Male) |
| 7:19 | Create | Villager (Male) |
| 8:08 | Research | Feudal Age |
| 9:30 | Build | House |
| 9:53 | Create | Villager (Male) |
| 9:57 | Create | Villager (Male) |
| 10:02 | Build | Farm |
| 10:39 | Age | Feudal Age |
| 10:41 | Build | Market |
| 10:43 | Build | Blacksmith |
| 11:03 | Create | Villager (Male) |
| 11:14 | Research | Double-Bit Axe |
| 11:29 | Research | Castle Age |
| 11:29 | Research | Castle Age |
| 11:51 | Build | Farm |
| 11:51 | Build | Farm |
| 12:05 | Research | Horse Collar |
| 12:05 | Research | Horse Collar |
| 12:27 | Build | House |
| 12:32 | Build | Farm |
| 12:33 | Create | Villager (Male) |
| 12:51 | Create | Villager (Male) |
| 13:12 | Create | Villager (Male) |
| 13:15 | Build | Farm |
| 13:35 | Create | Villager (Male) |
| 14:02 | Create | Villager (Male) |
| 14:09 | Age | Castle Age |
| 14:12 | Build | Town Center |
| 14:13 | Create | Villager (Male) |
| 14:17 | Create | Villager (Male) |
| 14:27 | Build | Farm |
| 14:29 | Create | Villager (Male) |
| 14:32 | Create | Villager (Male) |
| 14:34 | Create | Villager (Male) |
| 14:45 | Build | Farm |
| 14:47 | Create | Villager (Male) |
| 15:03 | Create | Villager (Male) |
| 15:06 | Build | Farm |
| 15:14 | Create | Villager (Male) |
| 15:26 | Build | Farm |
| 15:28 | Build | Farm |
| 15:29 | Build | Farm |
| 15:30 | Create | Villager (Male) |
| 15:32 | Create | Villager (Male) |
| 15:43 | Build | House |
| 15:48 | Build | House |
| 15:51 | Build | Farm |
| 16:01 | Create | Villager (Male) |
| 16:17 | Create | Villager (Male) |
| 16:22 | Build | Farm |
| 16:25 | Build | Farm |
| 16:25 | Create | Villager (Male) |
| 16:29 | Research | Wheelbarrow |
| 16:30 | Create | Villager (Male) |
| 16:32 | Build | Farm |
| 16:40 | Create | Villager (Male) |
| 16:44 | Create | Villager (Male) |
| 16:46 | Build | Farm |
| 17:06 | Create | Villager (Male) |
| 17:06 | Create | Villager (Male) |
| 17:10 | Build | Farm |
| 17:16 | Build | Farm |
| 17:17 | Create | Villager (Male) |
| 17:27 | Create | Villager (Male) |
| 17:33 | Build | House |
| 17:37 | Create | Villager (Male) |
| 17:40 | Build | Farm |
| 17:41 | Create | Villager (Male) |
| 18:12 | Build | Barracks |
| 18:19 | Create | Villager (Male) |
| 18:22 | Create | Villager (Male) |
| 18:26 | Build | House |
| 18:27 | Create | Villager (Male) |
| 18:38 | Build | House |
| 18:42 | Create | Villager (Male) |
| 18:52 | Build | Archery Range |
| 18:56 | Create | Villager (Male) |
| 18:56 | Create | Villager (Male) |
| 19:07 | Research | Fletching |
| 19:07 | Research | Fletching |
| 19:11 | Create | Villager (Male) |
| 19:16 | Build | Farm |
| 19:17 | Create | Villager (Male) |
| 19:21 | Build | House |
| 19:27 | Create | Villager (Male) |
| 19:35 | Create | Villager (Male) |
| 19:47 | Build | Archery Range |
| 19:53 | Build | House |
| 19:58 | Build | House |
| 20:00 | Research | Crossbowman (upgrade) |
| 20:04 | Create | Villager (Male) |
| 20:04 | Create | Villager (Male) |
| 20:08 | Build | Farm |
| 20:10 | Create | Villager (Male) |
| 20:10 | Create | Villager (Male) |
| 20:14 | Research | Loom |
| 20:20 | Create | Villager (Male) |
| 20:25 | Build | Farm |
| 20:26 | Build | Farm |
| 20:28 | Create | Villager (Male) |
| 20:32 | Build | Farm |
| 20:41 | Create | Villager (Male) |
| 20:44 | Build | Farm |
| 20:45 | Create | Villager (Male) |
| 20:48 | Create | Villager (Male) |
| 20:52 | Create | Archer |
| 20:53 | Create | Archer |
| 21:01 | Research | Bodkin Arrow |
| 21:01 | Research | Bodkin Arrow |
| 21:06 | Create | Villager (Male) |
| 21:06 | Create | Villager (Male) |
| 21:22 | Build | University |
| 21:29 | Build | House |
| 21:37 | Create | Villager (Male) |
| 21:43 | Build | Settlement |
| 21:50 | Create | Archer |
| 21:58 | Create | Archer |
| 22:03 | Create | Villager (Male) |
| 22:04 | Create | Villager (Male) |
| 22:10 | Build | Farm |
| 22:15 | Build | Farm |
| 22:16 | Build | Farm |
| 22:17 | Create | Villager (Male) |
Match timeline
| 1:45 | ZN · wall_segment Palisade Wall x1 |
| 2:05 | ZN · wall_segment Palisade Wall x1 |
| 2:26 | ZN · wall_segment Palisade Wall x1 |
| 2:36 | ZN · wall_segment Palisade Wall x1 |
| 2:43 | ZN · wall_segment Palisade Wall x1 |
| 2:48 | ZN · wall_segment Palisade Wall x1 |
| 2:54 | ZN · wall_segment Palisade Wall x1 |
| 2:59 | ZN · wall_segment Palisade Wall x1 |
| 3:01 | ZN · wall_segment Palisade Wall x1 |
| 3:04 | ZN · wall_segment Palisade Wall x1 |
| 3:23 | 闲人肥羊 · wall_segment Palisade Wall x1 |
| 3:28 | 闲人肥羊 · wall_segment Palisade Wall x1 |
| 3:43 | 闲人肥羊 · wall_segment Palisade Wall x1 |
| 3:45 | 闲人肥羊 · wall_segment Palisade Wall x1 |
| 3:56 | 闲人肥羊 · wall_segment Palisade Wall x1 |
| 3:58 | 闲人肥羊 · wall_segment Palisade Wall x1 |
| 4:00 | 闲人肥羊 · wall_segment Palisade Wall x1 |
| 4:03 | 闲人肥羊 · wall_segment Palisade Wall x1 |
| 4:06 | 闲人肥羊 · wall_segment Palisade Wall x1 |
| 4:09 | 闲人肥羊 · wall_segment Palisade Wall x1 |
| 9:19 | y3imy3 · first_building Barracks |
| 10:26 | ZN · age_up feudal |
| 10:31 | 我大哥B站帝国时代2风悠 · age_up feudal |
| 10:39 | 法克悠 · age_up feudal |
| 10:48 | Lucky · age_up feudal |
| 10:49 | y3imy3 · age_up feudal |
| 10:59 | Perlas Negras con REDBULL · age_up feudal |
| 11:02 | 闲人肥羊 · age_up feudal |
| 11:04 | y3imy3 · first_building Stable |
| 11:54 | 闲人肥羊 · first_market_sell 100 stone |
| 13:01 | KhanShinnok · age_up feudal |
| 13:59 | KhanShinnok · first_market_sell 100 stone |
| 14:01 | ZN · age_up castle |
| 14:02 | 我大哥B站帝国时代2风悠 · age_up castle |
| 14:09 | 法克悠 · age_up castle |
| 14:11 | KhanShinnok · wall_segment Stone Wall x4 |
| 14:13 | 我大哥B站帝国时代2风悠 · first_building Monastery |
| 14:32 | Lucky · age_up castle |
| 14:34 | 闲人肥羊 · age_up castle |
| 14:40 | 闲人肥羊 · first_building Castle |
| 14:41 | y3imy3 · age_up castle |
| 14:56 | y3imy3 · first_building Siege Workshop |
| 15:19 | Perlas Negras con REDBULL · age_up castle |
| 15:37 | Perlas Negras con REDBULL · first_building Monastery |
| 15:52 | y3imy3 · first_building Monastery |
| 16:45 | KhanShinnok · age_up castle |
| 16:48 | KhanShinnok · first_market_buy 100 stone |
| 16:59 | KhanShinnok · first_building Castle |
| 17:16 | 闲人肥羊 · wall_segment Stone Wall x1 |
| 17:21 | 闲人肥羊 · wall_segment Stone Wall x6 |
| 17:45 | KhanShinnok · wall_segment Palisade Wall x1 |
| 17:47 | KhanShinnok · wall_segment Palisade Wall x1 |
| 17:48 | KhanShinnok · wall_segment Palisade Wall x1 |
| 17:50 | 闲人肥羊 · wall_segment Palisade Wall x4 |
| 17:50 | KhanShinnok · wall_segment Palisade Wall x1 |
| 17:53 | KhanShinnok · wall_segment Palisade Wall x1 |
| 17:54 | KhanShinnok · wall_segment Palisade Wall x1 |
| 18:12 | 法克悠 · first_building Barracks |
| 18:47 | 法克悠 · first_market_buy 100 wood |
| 18:52 | 法克悠 · first_building Archery Range |
| 19:02 | 法克悠 · first_market_sell 100 stone |
| 19:09 | 我大哥B站帝国时代2风悠 · first_market_buy 100 stone |
| 19:13 | 闲人肥羊 · first_market_buy 100 food |
| 19:52 | ZN · first_building Monastery |
| 20:04 | KhanShinnok · first_building Siege Workshop |
| 20:25 | 我大哥B站帝国时代2风悠 · first_building Siege Workshop |
| 20:48 | y3imy3 · wall_segment Palisade Wall x15 |
| 21:48 | 闲人肥羊 · wall_segment Stone Wall x2 |
| 23:05 | KhanShinnok · age_up imperial |
| 23:33 | y3imy3 · wall_segment Palisade Wall x18 |
| 23:46 | Lucky · first_market_buy 100 stone |
| 24:01 | Lucky · first_building Castle |
| 24:08 | ZN · first_market_sell 100 wood |
| 25:08 | ZN · first_building Barracks |
| 25:09 | Lucky · first_market_sell 100 food |
| 25:10 | 法克悠 · first_building Siege Workshop |
| 26:16 | ZN · first_building Castle |
| 26:16 | Lucky · first_building Barracks |
| 26:22 | ZN · first_building Stable |
| 26:33 | 闲人肥羊 · first_building Monastery |
| 26:40 | Perlas Negras con REDBULL · first_building Barracks |
| 26:46 | y3imy3 · first_building Castle |
| 26:46 | 我大哥B站帝国时代2风悠 · first_building Barracks |
| 27:01 | 我大哥B站帝国时代2风悠 · first_building Castle |
| 27:25 | Lucky · first_building Archery Range |
| 28:05 | Perlas Negras con REDBULL · first_building Stable |
| 28:05 | ZN · age_up imperial |
| 28:25 | Lucky · first_building Stable |
| 28:29 | 我大哥B站帝国时代2风悠 · age_up imperial |
| 29:03 | 法克悠 · age_up imperial |
| 29:25 | Lucky · first_building Siege Workshop |
| 29:31 | Perlas Negras con REDBULL · age_up imperial |
| 29:33 | Lucky · age_up imperial |
| 30:36 | 闲人肥羊 · age_up imperial |
| 30:41 | ZN · first_market_buy 100 stone |
| 31:41 | y3imy3 · first_market_sell 100 food |
| 31:55 | y3imy3 · age_up imperial |
| 33:05 | y3imy3 · resign |
| 34:42 | Perlas Negras con REDBULL · first_building Castle |
| 35:31 | Lucky · wall_segment Stone Wall x5 |
| 35:35 | Perlas Negras con REDBULL · first_building Archery Range |
| 36:01 | Perlas Negras con REDBULL · first_market_sell 100 wood |
| 36:07 | Perlas Negras con REDBULL · first_market_buy 100 food |
| 36:14 | Lucky · wall_segment Stone Wall x5 |
| 36:29 | Lucky · wall_segment Stone Wall x6 |
| 37:07 | Lucky · wall_segment Stone Wall x4 |
| 38:03 | 我大哥B站帝国时代2风悠 · tribute_sent a jugador 1 |
| 38:03 | 我大哥B站帝国时代2风悠 · tribute_sent a jugador 2 |
| 38:03 | 我大哥B站帝国时代2风悠 · tribute_sent a jugador 3 |
| 38:03 | 我大哥B站帝国时代2风悠 · tribute_sent a jugador 5 |
| 38:03 | 我大哥B站帝国时代2风悠 · tribute_sent a jugador 6 |
| 38:03 | 我大哥B站帝国时代2风悠 · tribute_sent a jugador 7 |
| 38:03 | 我大哥B站帝国时代2风悠 · tribute_sent a jugador 8 |
| 38:16 | KhanShinnok · wall_segment Stone Wall x19 |
| 38:26 | KhanShinnok · wall_segment Stone Wall x10 |
| 38:50 | KhanShinnok · first_building Monastery |
| 38:50 | 闲人肥羊 · first_building Siege Workshop |
| 39:11 | KhanShinnok · wall_segment Stone Wall x20 |
| 39:54 | 我大哥B站帝国时代2风悠 · tribute_sent a jugador 1 |
| 39:54 | 我大哥B站帝国时代2风悠 · tribute_sent a jugador 2 |
| 39:54 | 我大哥B站帝国时代2风悠 · tribute_sent a jugador 3 |
| 39:54 | 我大哥B站帝国时代2风悠 · tribute_sent a jugador 5 |
| 39:54 | 我大哥B站帝国时代2风悠 · tribute_sent a jugador 6 |
| 39:54 | 我大哥B站帝国时代2风悠 · tribute_sent a jugador 7 |
| 39:54 | 我大哥B站帝国时代2风悠 · tribute_sent a jugador 8 |
| 40:58 | Perlas Negras con REDBULL · first_building Siege Workshop |
[ AI ANALYSIS · 1 CREDIT ]
What really happened in this match?
Wolo.gg analyzes every decision: build order, eco, micro, common mistakes by bracket. Personalized analysis on WhatsApp or Discord in 30 seconds.
Civ guide
Bohemians
Map guide
Arena
Perfil
闲人肥羊